 Dungeon Crawl Stone Soup version 0.19.5 (webtiles) character file.

133 Rrauwl the Chopper (level 4, -1/39 HPs)
             Began as a Minotaur Fighter on Mar 15, 2017.
             Slain by a sky beast (2 damage)
             ... on level 4 of the Dungeon.
             The game lasted 00:05:21 (2196 turns).

Rrauwl the Chopper (Minotaur Fighter)               Turns: 2196, Time: 00:05:22

Health: -1/39      AC:  6    Str: 26    XL:     4   Next: 94%
Magic:  3/3        EV:  7    Int:  5    God:
Gold:   199        SH: 10    Dex: 10    Spells: 0 memorised, 3 levels left

rFire  . . .     SeeInvis .     a - +0 war axe
rCold  . . .     Gourm    .     b - +0 scale mail
rNeg   . . .     Faith    .     c - +0 shield
rPois  .         Spirit   .     (helmet restricted)
rElec  .         Reflect  .     (no cloak)
rCorr  .         Harm     .     (no gloves)
MR     .....                    (no boots)
Stlth  ..........               (no amulet)
                                (no ring)
                                (no ring)

@: mighty
A: retaliatory headbutt, horns 2
a: no special abilities


You were on level 4 of the Dungeon.
You were hungry.

You visited 1 branch of the dungeon, and saw 4 of its levels.

You collected 199 gold pieces.

Inventory:

Hand Weapons
 a - a +0 war axe (weapon)
Armour
 b - a +0 scale mail (worn)
 c - a +0 shield (worn)
Wands
 y - a wand of iceblast (8/15)
Scrolls
 i - 2 scrolls of remove curse
 j - 2 scrolls of identify
 k - a scroll of recharging {unknown}
 m - a scroll of enchant weapon {unknown}
 n - a scroll of teleportation {unknown}
 o - a scroll of magic mapping {unknown}
 t - a scroll of random uselessness {unknown}
 u - a scroll of fog {unknown}
 v - a scroll of amnesia {unknown}
 w - a scroll of blinking {unknown}
Potions
 d - a potion of might
 e - a potion of haste
 p - a potion of heal wounds {unknown}
 q - a potion of cancellation {unknown}
 r - 3 potions of brilliance
 s - a potion of flight {unknown}
 z - a potion of cure mutation {unknown}
Books
 g - a book of Cantrips

   Spells                             Type                      Level
   a - Confusing Touch                Hexes                        1
   b - Animate Skeleton               Necromancy                   1
   c - Summon Small Mammal            Summoning                    1
   d - Apportation                    Translocation                1
Comestibles
 f - 2 bread rations
 h - 5 fruits
 l - 2 meat rations
 x - 2 chunks of flesh


   Skills:
 - Level 3.6 Fighting
 + Level 6.2 Axes
 - Level 3.6 Armour
 - Level 3.6 Shields


You had 3 spell levels left.
You didn't know any spells.

Dungeon Overview and Level Annotations

Branches:
Dungeon (4/15)
 Temple: D:4-7

Altars:


Innate Abilities, Weirdness & Mutations

You reflexively headbutt those who attack you in melee.
You have a pair of horns on your head.


Message History

Something hits you but does no damage.
You miss something. Your headbutt misses something.
Something hits you but does no damage. Something hits you.
Something shocks you.
You miss something. Something hits you but does no damage.
You barely miss something. Your headbutt misses something.
Something hits you but does no damage.
You miss something.
Something hits you but does no damage. x2
You completely miss something. Something hits you. Something shocks you.
* * * LOW HITPOINT WARNING * * *
You feel very mighty all of a sudden. You block something's attack.
You miss something. Your headbutt misses something.
Something hits you but does no damage. Something hits you.
* * * LOW HITPOINT WARNING * * *
Something shocks you.
* * * LOW HITPOINT WARNING * * *
Your shield prevents you from hitting something.
Your headbutt misses something. Something hits you.
You die...

.# .# .. .## .. #
.# #.####.###.##
#...@{.......
<.....####.###.##
####. .# # .. ##.
.# . #.


There were no monsters in sight!

Vanquished Creatures
  A worker ant (D:3)
  5 adders
  An ooze (D:2)
  3 worms (D:2)
  4 dart slugs
  2 leopard geckos
  7 bats
  2 giant cockroaches
  2 hobgoblins (D:2)
  2 jackals (D:2)
  2 ball pythons (D:1)
  2 frilled lizards (D:1)
  10 goblins
  2 kobolds (D:1)
  4 rats
49 creatures vanquished.

Notes
Turn   | Place    | Note
-------+----------+-------------------------------------------
     0 | D:1      | Rrauwl the Minotaur Fighter began the quest for the Orb.
     0 | D:1      | Reached XP level 1. HP: 19/19 MP: 0/0
    85 | D:1      | Reached skill level 3 in Axes
   137 | D:1      | Reached XP level 2. HP: 26/26 MP: 1/1
   529 | D:1      | Reached skill level 4 in Axes
   685 | D:2      | Reached XP level 3. HP: 27/31 MP: 2/2
   892 | D:2      | Reached skill level 5 in Axes
  1226 | D:2      | Reached XP level 4. HP: 39/39 MP: 3/3
  1666 | D:3      | Reached skill level 6 in Axes
  2181 | D:4      | Noticed a sky beast
  2195 | D:4      | HP: 1/39 [something (6)]
  2196 | D:4      | Slain by a sky beast

Skill      XL: |  1  2  3  4 |
---------------+-------------+-----
Axes           | 3 4 5 6 |  6.2
Fighting       | |  3.6
Armour         | |  3.6
Shields        | |  3.6

Action                   |  1- 3 |  4- 6 || total
-------------------------+-------+-------++-------
Melee: War axe           |   102 |    53 ||   155
       Headbutt          |    17 |     9 ||    26
  Use: Potion            |     1 |     1 ||     2
       Scroll            |       |     3 ||     3
  Eat: Chunk             |     1 |     3 ||     4
Armor: Scale mail        |    54 |    26 ||    80
Dodge: Dodged            |    32 |    14 ||    46
Block: Shield            |    50 |    22 ||    72
